 Dungeon Crawl Stone Soup version 0.22-a0-580-gd5db89c09a (webtiles) character file.

40 PikkenKukken the Skirmisher (level 3, -1/29 HPs)
             Began as a Demonspawn Fighter on July 2, 2018.
             Slain by a gnoll
             ... wielding a +0 halberd
              (15 damage)
             ... on level 2 of the Dungeon.
             The game lasted 00:03:24 (1581 turns).

PikkenKukken the Skirmisher (Demonspawn Fighter)    Turns: 1581, Time: 00:03:25

Health: -1/29      AC:  9    Str: 21    XL:     3   Next: 30%
Magic:  3/3        EV:  7    Int:  9    God:
Gold:   105        SH:  9    Dex: 13    Spells: 2/2 levels left

rFire    . . .     SeeInvis .   a - +0 long sword
rCold    . . .     Gourm    .   c - +0 shield
rNeg     . . .     Faith    .   b - +0 scale mail
rPois    +         Spirit   .   (helmet restricted)
rElec    .         Reflect  .   (no cloak)
rCorr    .         Harm     .   n - +0 pair of gloves
MR       .....                  (no boots)
Stlth    ..........             (no amulet)
HPRegen  0.09/turn              g - ring of poison resistance
MPRegen  0.08/turn              p - ring of wizardry

@: mighty
A: antennae 1, iridescent scales 1
a: no special abilities


You were on level 2 of the Dungeon.
You were not hungry.

You visited 1 branch of the dungeon, and saw 2 of its levels.

You collected 105 gold pieces.

Inventory:

Hand Weapons
 a - a +0 long sword (weapon)
 j - a +0 hunting sling of velocity
Missiles
 m - 25 stones (quivered)
Armour
 b - a +0 scale mail (worn)
 c - a +0 shield (worn)
 n - a +0 pair of gloves (worn)
Jewellery
 g - a ring of poison resistance (left hand)
 p - a ring of wizardry (right hand)
Scrolls
 k - 2 scrolls of remove curse
Potions
 e - 2 potions of magic {unknown}
 h - 2 potions of brilliance
 i - a potion of flight {unknown}
 o - a potion of haste {unknown}
Comestibles
 f - 3 chunks of flesh
 l - 2 rations


   Skills:
 + Level 3.3 Fighting
 + Level 2.2 Long Blades
 + Level 3.0 Armour
 + Level 1.0 Dodging
 + Level 3.0 Shields


You had 2 spell levels left.
You didn't know any spells.
Your spell library was empty.

Dungeon Overview and Level Annotations

Branches:
Dungeon (2/15)

Altars:
Gozag


Innate Abilities, Weirdness & Mutations

You have a pair of small antennae on your head.
You are partially covered in iridescent scales. (AC +2)


Message History

You hit the gnoll.
The gnoll is moderately wounded.
The gnoll hits you. You block the gnoll's attack. The gnoll hits you.
You feel very mighty all of a sudden. You block the gnoll's attack.
The gnoll barely misses you.
You closely miss the gnoll.
The gnoll is moderately wounded.
You block the gnoll's attack. The gnoll hits you!
You barely miss the gnoll.
The gnoll is moderately wounded.
The gnoll hits you but does no damage. The gnoll closely misses you.
You barely miss the gnoll.
The gnoll is moderately wounded.
The gnoll hits you. The gnoll hits you but does no damage.
You barely miss the gnoll.
The gnoll is moderately wounded.
The gnoll hits you.
The gnoll hits you from afar with a halberd!
Ouch! That really hurt!
You die...

..............########
...........##.#
.#.........##.#
.#.รท.......##.#####
.#.........##.....#
.#.........######.#
...........# #.#
..#........######.#
...........##.gg@.#
..#........##.#####
..#.........
..#.########
..#.########
............
.##.######## .##.#
.##.#


You could see 2 gnolls.

Vanquished Creatures
  An ooze (D:2)
  3 leopard geckos
  8 goblins
  4 hobgoblins
  6 kobolds
  A ball python (D:2)
  2 bats (D:1)
  4 frilled lizards
  3 rats
32 creatures vanquished.

Notes
Turn   | Place    | Note
-------+----------+-------------------------------------------
     0 | D:1      | PikkenKukken the Demonspawn Fighter began the quest for the Orb.
     0 | D:1      | Reached XP level 1. HP: 18/18 MP: 1/1
   204 | D:1      | Gained mutation: You are partially covered in iridescent scales. (AC +2) [demonic ancestry]
   204 | D:1      | Reached XP level 2. HP: 9/24 MP: 2/2
  1352 | D:2      | Gained mutation: You have a pair of small antennae on your head. [demonic ancestry]
  1352 | D:2      | Reached XP level 3. HP: 29/29 MP: 3/3
  1381 | D:2      | Reached skill level 1 in Dodging
  1426 | D:2      | Found an opulent altar of Gozag.
  1581 | D:2      | Slain by a gnoll

Vault maps used:
D:1:      kennysheep_arrival_forest
D:2:      lemuel_doored_altar

Skill      XL: |  1  2  3 |
---------------+----------+-----
Long Blades    | 2 |  2.2
Dodging        | 1 |  1.0
Armour         | 3 |  3.0
Shields        | 3 |  3.0
Fighting       | |  3.3

Action                   || total
-------------------------++-------
Melee: Long sword        ||   131
  Use: Scroll            ||     3
       Potion            ||     1
  Eat: Ration            ||     1
Armor: Scale mail        ||    66
Dodge: Dodged            ||    40
Block: Shield            ||    68
       Rpst.: Long sword ||    12

Table legend:
 A = Spawn XP
 B = Non-spawn XP
 C = Spawn XP percentage of total XP
 D = Spawn monster count
 E = Non-spawn monster count
 F = Spawn count percentage of total count
 G = Total turns spent on level
                    A         B        C        D         E        F      G
               +---------+---------+-------+---------+---------+-------+---------
         Total |       0 |      58 |   0.0 |       0 |      32 |   0.0 |  1581
               +---------+---------+-------+---------+---------+-------+---------
           D:1 |       0 |      32 |   0.0 |       0 |      18 |   0.0 |  1298
           D:2 |       0 |      26 |   0.0 |       0 |      14 |   0.0 |   283
               +---------+---------+-------+---------+---------+-------+---------
